 Dungeon Crawl Stone Soup version 0.30.1-6-gbe392663c4 (webtiles) character file.

Game seed: 4737660404149472441

8974 coolio the Zephyrmancer (level 11, -14/54 HPs)
             Began as a Tengu Air Elementalist on Sept 21, 2023.
             Was a Believer of Vehumet.
             Shot with an arrow by a centaur warrior (24 damage)
             ... on level 9 of the Dungeon.
             The game lasted 00:20:45 (12953 turns).

coolio the Zephyrmancer (Tengu Air Elementalist)   Turns: 12953, Time: 00:20:45

Health: -14/54     AC: 16    Str:  9    XL:     11   Next: 39%
Magic:  11/21      EV: 15    Int: 22    God:    Vehumet [**....]
Gold:   536        SH:  6    Dex: 21    Spells: 13/22 levels left

rFire   . . .        w - staff of air
rCold   . . .        a - +0 buckler
rNeg    . . .        j - +5 ring mail of Xom, Chewing {rElec Int+3}
rPois   .            A - +2 hat
rElec   +            r - +0 cloak
rCorr   .            u - +0 pair of gloves
SInv    .            (boots unavailable)
Will    +....        (no amulet)
Stlth   ++           t - ring of willpower
HPRegen 0.29/turn    p - +6 ring of dexterity
MPRegen 0.17/turn

%: no passive effects
@: swift, flying quickly and evasively, very quick
A: beak, talons 3, nimble flight
a: Renounce Religion


You were on level 9 of the Dungeon.
You worshipped Vehumet.
Vehumet was pleased with you.
You visited 2 branches of the dungeon, and saw 10 of its levels.

You collected 591 gold pieces.
You spent 55 gold pieces at shops.

Inventory:

Armour
 a - a +0 buckler (worn)
 j - the +5 ring mail of Xom, Chewing (worn) {rElec Int+3}
   (You found it on level 6 of the Dungeon)

   Int:       It affects your intelligence (+3).
   rElec:     It insulates you from electricity.
 r - a +0 cloak (worn)
 u - a +0 pair of gloves (worn)
 A - a +2 hat (worn)
Magical Staves
 w - a staff of air (weapon)
Jewellery
 p - a +6 ring of dexterity (right hand)
 t - a ring of willpower (left hand)
Wands
 f - a wand of polymorph (12)
 o - a wand of flame (35)
 s - a wand of iceblast (16)
 z - a wand of paralysis (10)
 B - a wand of digging (4)
Scrolls
 i - a scroll of vulnerability
 l - 3 scrolls of amnesia
 y - a scroll of identify
Potions
 b - a potion of magic
 c - 2 potions of might
 d - 3 potions of brilliance
 e - 2 potions of invisibility
 g - 3 potions of curing
 h - a potion of flight {unknown}
 k - 2 potions of ambrosia
 m - a potion of cancellation {unknown}
 n - 2 potions of attraction {unknown}
 q - 2 potions of berserk rage {unknown}
 v - 2 potions of heal wounds
 x - a potion of lignification {unknown}
 C - a potion of mutation {unknown}


   Skills:
 * Level 6.4 Armour
 - Level 5.4 Dodging
 - Level 3.9 Stealth
 - Level 5.0 Shields
 + Level 6.0 Spellcasting
 * Level 11.5 Conjurations
 * Level 4.0 Fire Magic
 * Level 12.2 Air Magic


You had 13 spell levels left.
You knew the following spells:

 Your Spells              Type           Power      Damage    Failure   Level
a - Shock                 Conj/Air       100%       1d9       1%          1
b - Swiftness             Air            74%        N/A       1%          3
c - Airstrike             Air            37%        2d(6-22)  1%          4
d - Foxfire               Conj/Fire      100%       2x1d9     1%          1

Your spell library contained the following spells:

 Spells                   Type           Power      Damage    Failure   Level
 Momentum Strike          Conj/Tloc      64%        3d9       4%          2
 Static Discharge         Conj/Air       100%       2-7/arc   1%          2
 Summon Lightning Spire   Summ/Air       50%        N/A       26%         4
 Slow                     Hex            24%        N/A       32%         1
 Confusing Touch          Hex            6%         N/A       67%         3
 Vampiric Draining        Necr           6%         2d6       67%         3
 Storm Form               Tmut/Air       25%        N/A       100%        7
 Maxwell's Capacitive Co  Air            37%        ∞         100%        8


Dungeon Overview and Level Annotations

Branches:
Dungeon (9/15)             Temple (1/1) D:6
   Lair: D:8-11         Orc: D:9-12

Altars:
Ashenzari
Dithmenos
Elyvilon
Fedhas
Gozag
Hepliaklqana
Kikubaaqudgha
Makhleb
Nemelex Xobeh
Okawaru
Ru
Sif Muna
Trog
Uskayaw
Vehumet
Wu Jian
Xom
Yredelemnul
Zin
The Shining One

Shops:
D:3 [   D:4 =   D:7 !


Innate Abilities, Weirdness & Mutations

You have a beak for a mouth.
You have claws for feet.
Your magical nature lets you fly swiftly and evasively.


Message History

The foxfire hits the boulder beetle.
The boulder beetle is lightly wounded.
Casting: Foxfire (safe; 1% risk of failure)
Confirm with . or Enter, or press ? or * to list all spells.
You conjure some foxfire!
The foxfire hits the boulder beetle but does no damage.
The boulder beetle is lightly wounded.
The foxfire hits the boulder beetle but does no damage.
The boulder beetle is lightly wounded.
The foxfire hits the boulder beetle but does no damage.
The boulder beetle is lightly wounded.
Unknown command.
Your foxfire dissipates!
Aiming: Paralyse
Press: ? - help, Shift-Dir - straight line, f - boulder beetle
Aim: a boulder beetle (lightly wounded, rolling, chance to affect: 31%)
The boulder beetle easily resists.
The boulder beetle hits you!!!
Ouch! That really hurt!
* * * LOW HITPOINT WARNING * * *
The boulder beetle stops rolling and uncurls.
Aiming: Paralyse
Press: ? - help, Shift-Dir - straight line, f/p - boulder beetle
Aim: a boulder beetle (lightly wounded, chance to affect: 31%)
The boulder beetle easily resists.
The boulder beetle bites you but does no damage.
Unknown command.
Aiming: Paralyse
Press: ? - help, Shift-Dir - straight line, f/p - boulder beetle
Aim: a boulder beetle (lightly wounded, chance to affect: 31%)
The boulder beetle suddenly stops moving!
A centaur warrior comes into view.
Unknown command.
Okay, then.
The centaur warrior shouts!
Casting: Foxfire (safe; 1% risk of failure)
Confirm with . or Enter, or press ? or * to list all spells.
You feel a surge of power!
You feel quick.
The centaur warrior wields a +0 longbow.
The centaur warrior shoots an arrow.
The arrow hits you!!
You die...

..#).##.# #.........#....#
.##BW#.#.# #.#######.#....#
+# #.#.#.# #...l..#..#....#
.###.#.#.#.##..#####..#....#
....# #.#.#.c...#..........#
####.# #.#.##...###...#....#
.# #.###..B..#...#....# .#
#.#..##...##..##....# .# #.#
.:##..@#...##....# ## #.
#######.#####....# .
###.....##..).# .#
#....###.##....# .#
#.##.#.#.##....###### .# #
#.......#..........
...##.#.##............
#.......#.#....#####.
##.#.#.##.#....# #.


You could see a boulder beetle (paralysed) and a centaur warrior.

Vanquished Creatures
  A two-headed ogre (D:9)
  Pikel (D:8)
  A manticore (D:9)
  2 kobold demonologists (D:9)
  Maggie (D:8)
  A freezing wraith (D:9)
  An efreet (D:9)
  A troll (D:7)
  A hornet (D:9)
  A shadow (D:8)
  2 wyverns (D:9)
  5 yaks (D:8)
  Menkaure (D:5)
  3 steam dragons
  Edmund (D:5)
  A water moccasin (D:9)
  4 orc warriors
  An ice beast (D:5)
  2 black bears
  5 centaurs
  4 sky beasts
  2 ogres
  2 phantoms
  3 kobold brigands
  A bullfrog (D:8)
  6 scorpions
  A wight (D:9)
  10 killer bees
  A howler monkey (D:9)
  5 hounds
  4 orc priests
  Crazy Yiuf (D:6)
  3 sleepcaps
  Jessica (D:3)
  A gnoll bouda (D:9)
  5 iguanas
  Terence (D:3)
  8 orc wizards
  A centaur simulacrum (D:9)
  Robin (D:3)
  8 adders
  A shadow imp (D:5)
  2 white imps
  2 ufetubi
  3 worms
  3 dart slugs
  33 orcs
  6 bats
  6 endoplasms
  3 giant cockroaches
  16 goblins
  13 hobgoblins
  10 jackals
  4 quokkas
  7 ball pythons
  14 frilled lizards
  10 kobolds
  25 rats
  A rat zombie (D:6)
264 creatures vanquished.

Vanquished Creatures (others)
  8 foxfires (D:9)
8 creatures vanquished.

Grand Total: 272 creatures vanquished

Notes
Turn   | Place    | Note
-------+----------+-------------------------------------------
     0 | D:1      | coolio the Tengu Air Elementalist began the quest for the
                  | Orb.
     0 | D:1      | Reached XP level 1. HP: 10/10 MP: 4/4
   199 | D:1      | Reached XP level 2. HP: 15/15 MP: 4/6
   466 | D:1      | Reached XP level 3. HP: 17/19 MP: 1/7
   635 | D:1      | Found a faded altar of an unknown god.
  1670 | D:1      | Learned a level 3 spell: Swiftness
  1790 | D:2      | Reached XP level 4. HP: 24/24 MP: 6/8
  1960 | D:2      | Reached skill level 5 in Air Magic
  2311 | D:2      | Found a sparkling altar of Nemelex Xobeh.
  2415 | D:2      | Gained mutation: Your magical nature lets you fly swiftly
                  | and evasively. [Tengu growth]
  2415 | D:2      | Reached XP level 5. HP: 28/28 MP: 7/9
  2813 | D:2      | Learned a level 4 spell: Airstrike
  3126 | D:3      | Noticed Terence
  3153 | D:3      | Killed Terence
  3250 | D:3      | Noticed Robin
  3292 | D:3      | Killed Robin
  3565 | D:3      | Found a shadowy altar of Dithmenos.
  3847 | D:3      | Found Ikofosmu's Armour Emporium.
  3847 | D:3      | Noticed Jessica
  3850 | D:3      | Killed Jessica
  3851 | D:3      | Reached XP level 6. HP: 28/32 MP: 7/11
  4154 | D:4      | Reached skill level 6 in Air Magic
  4223 | D:4      | Found an opulent altar of Gozag.
  4417 | D:4      | Found Bizuos's Jewellery Boutique.
  4458 | D:4      | Reached skill level 5 in Conjurations
  4541 | D:4      | Reached XP level 7. HP: 36/36 MP: 7/12
  4813 | D:4      | Found a glowing golden altar of the Shining One.
  5191 | D:5      | Entered Level 5 of the Dungeon
  5399 | D:5      | Noticed Edmund
  5410 | D:5      | Killed Edmund
  5411 | D:5      | Reached skill level 7 in Air Magic
  5522 | D:5      | Found a basalt altar of Yredelemnul.
  5759 | D:5      | Reached XP level 8. HP: 41/41 MP: 5/14
  5854 | D:5      | Reached skill level 8 in Air Magic
  6604 | D:5      | Noticed Menkaure
  6609 | D:5      | Killed Menkaure
  6610 | D:5      | Reached skill level 5 in Dodging
  6679 | D:5      | Found a bloodstained altar of Trog.
  6796 | D:5      | Found a glowing silver altar of Zin.
  6894 | D:5      | Found a white marble altar of Elyvilon.
  7194 | D:6      | Reached skill level 9 in Air Magic
  7338 | D:6      | Reached XP level 9. HP: 45/45 MP: 9/16
  7596 | D:6      | Found an ancient bone altar of Kikubaaqudgha.
  7780 | D:6      | Identified the +5 ring mail of Xom, Chewing {rElec Int+3}
  7958 | D:6      | Found a burning altar of Makhleb.
  7958 | D:6      | Found a hazy altar of Hepliaklqana.
  7999 | D:6      | Found a staircase to the Ecumenical Temple.
  8010 | Temple   | Entered the Ecumenical Temple
  8111 | Temple   | Became a worshipper of Vehumet
  8203 | D:6      | Found a runed translucent door.
  8204 | D:6      | Noticed Crazy Yiuf
  8211 | D:6      | Killed Crazy Yiuf
  8281 | D:7      | Noticed a troll
  8288 | D:7      | Killed a troll
  8289 | D:7      | Reached skill level 1 in Armour
  8289 | D:7      | Reached skill level 1 in Shields
  8447 | D:7      | Found Viubaeh's Distillery.
  8453 | D:7      | Bought a potion of heal wounds for 55 gold pieces
  8965 | D:7      | Found a shimmering blue altar of Sif Muna.
  9069 | D:7      | Found a broken altar of Ashenzari.
  9472 | D:8      | Identified the amulet "Ylydghir" {Spirit +Blink rPois Str-5
                  | Int+4}
  9557 | D:8      | Reached skill level 10 in Air Magic
  9580 | D:8      | Found an iron altar of Okawaru.
  9842 | D:8      | Noticed Maggie
 10007 | D:8      | Killed Maggie
 10008 | D:8      | Reached skill level 5 in Spellcasting
 10089 | D:8      | Reached XP level 10. HP: 50/50 MP: 5/18
 10405 | D:8      | Reached * piety under Vehumet
 10405 | D:8      | Offered knowledge of Foxfire by Vehumet.
 10406 | D:8      | Reached skill level 10 in Conjurations
 10773 | D:8      | Found a hide-covered altar of Uskayaw.
 10774 | D:8      | Noticed Pikel
 10777 | D:8      | Killed Pikel
 10778 | D:8      | Reached skill level 11 in Air Magic
 10780 | D:8      | Learned a level 1 spell: Foxfire
 11125 | D:8      | Reached skill level 1 in Fire Magic
 11317 | D:9      | Reached skill level 5 in Armour
 11357 | D:9      | Noticed a kobold demonologist
 11360 | D:9      | Killed a kobold demonologist
 11524 | D:9      | Noticed a kobold demonologist
 11654 | D:9      | Killed a kobold demonologist
 11900 | D:9      | Noticed a two-headed ogre
 11905 | D:9      | Killed a two-headed ogre
 11906 | D:9      | Reached skill level 5 in Shields
 11906 | D:9      | Reached XP level 11. HP: 36/54 MP: 7/20
 12226 | D:9      | Noticed a manticore
 12230 | D:9      | Killed a manticore
 12230 | D:9      | Reached ** piety under Vehumet
 12230 | D:9      | Offered knowledge of Momentum Strike by Vehumet.
 12231 | D:9      | Reached skill level 12 in Air Magic
 12513 | D:9      | Identified the +7 quarterstaff of Ashenzari's Generosity
                  | {pain, rC+ rCorr Dex+5}
 12795 | D:9      | Noticed a boulder beetle
 12950 | D:9      | Noticed a centaur warrior
 12953 | D:9      | Shot with an arrow by a centaur warrior

Illustrated notes

Levels and vault maps discovered:
D:1:      dpeg_arrival_erosion, layout_basic,
          shapermc_ecumenical_altar_totnotflames, minmay_lizard_king
D:2:      layout_basic, basic_altar, minmay_rat_hole
D:3:      layout_basic, nicolae_dithmenos_the_darkroom, serial_shops, shop,
          serial_bayou, serial_bayou_lake_a, serial_bayou_lagoon_a,
          serial_bayou_ford_a, serial_bayou_shore_a, uniq_robin, uniq_terence,
          uniq_jessica
D:4:      layout_basic, nicolae_tso_swordbearing_angel,
          nicolae_gozag_seed_capital, serial_shops, nicolae_shop_gaudy_bauble,
          cheibrodos_sewer_entry_bend
D:5:      minmay_general_purpose_star, layout_layer_cave, kennysheep_ying_yang,
          trog_butcher_becter, zin_statuary, dk_noncrumbling_4, uniq_menkaure,
          uniq_edmund
D:6:      layout_rooms, lemuel_zombie_altar_kikubaaqudgha,
          gammafunk_temple_overflow_elements, minmay_temple_entry_overgrown,
          uniq_crazy_yiuf_cottage
D:7:      layout_cave_pods, overflow_temple_1_default,
          nicolae_overflow_hidden_temple, serial_shops,
          nicolae_shop_industrial_runoff
D:8:      layout_loops_cross, mainiacjoe_overflow_small_starburst,
          nicolae_uskayaw_dance_hall, uniq_pikel, uniq_maggie
D:9:      minmay_the_grid_3x3 [minmay_the_grid_paths, minmay_the_grid_tree,
          minmay_the_grid_stretched_grid, minmay_the_grid_dragon_a,
          minmay_the_grid_aliased_spiral, minmay_the_grid_small_cups,
          minmay_the_grid_zigzag_pyramid, minmay_the_grid_minigrid_large,
          minmay_the_grid_prize_four_corners_diamond_b], layout_long_grid,
          hangedman_tell_no_tales
Temple:   hellmonk_temple_beads

Skill      XL: |  1  2  3  4  5  6  7  8  9 10 11 |
---------------+----------------------------------+-----
Conjurations   | 2 3 4 5 6 8 9 11 | 11.5
Air Magic      | 5 6 7 9 10 11 12 | 12.2
Dodging        | 3 4 5 |  5.4
Spellcasting   | 3 4 5 6 |  6.0
Stealth        | 3 |  3.9
Armour         | 3 5 6 |  6.4
Shields        | 3 5 |  5.0
Fire Magic     | 3 4 |  4.0

Action                     |  1- 3 |  4- 6 |  7- 9 | 10-12 || total
---------------------------+-------+-------+-------+-------++-------
  Melee: Unarmed           |    24 |    20 |       |       ||    44
         Kick              |     7 |     2 |       |     6 ||    15
         Peck              |     3 |     5 |     2 |     3 ||    13
         Punch             |     1 |       |       |       ||     1
         Staff             |       |       |     8 |    14 ||    22
   Cast: Shock             |    79 |   171 |   208 |   125 ||   583
         Swiftness         |       |       |     2 |     2 ||     4
         Airstrike         |       |       |    26 |    48 ||    74
         Foxfire           |       |       |       |     6 ||     6
  Evoke: Wand              |       |       |     4 |     8 ||    12
    Use: Scroll            |       |    10 |     5 |       ||    15
         Potion            |       |     1 |       |       ||     1
 Armour: Robe              |     9 |     9 |       |       ||    18
         Animal skin       |       |     3 |    24 |       ||    27
         Ring mail         |       |       |     5 |    34 ||    39
  Dodge: Dodged            |    26 |    34 |    71 |    75 ||   206
  Block: Buckler           |       |       |     4 |    36 ||    40
